 Dungeon Crawl Stone Soup version 0.21.1-1-g345015fe64 (webtiles) character file.

34 Greboboi the Ducker (level 3, -1/17 HPs)
             Began as a Felid Berserker on June 14, 2018.
             Was a Believer of Trog.
             Slain by an adder (2 damage)
             ... on level 2 of the Dungeon.
             The game lasted 00:04:14 (1006 turns).

Greboboi the Ducker (Felid Berserker)               Turns: 1006, Time: 00:04:14

Health: -1/17      AC:  1    Str: 13    XL:     3   Next: 14%
Magic:  4/4        EV: 20    Int: 10    God:    Trog [**....]
Gold:   58         SH:  0    Dex: 16    Spells: 2/2 levels left
                                        Lives:  0   Deaths: 0

rFire    . . .     SeeInvis +     - Unarmed
rCold    . . .     Gourm    .   (shield unavailable)
rNeg     . . .     Faith    .   (armour unavailable)
rPois    .         Spirit   .   (helmet unavailable)
rElec    .         Reflect  .   (cloak unavailable)
rCorr    .         Harm     .   (gloves unavailable)
MR       +....                  (boots unavailable)
Stlth    ++........             (no amulet)
HPRegen  0.05/turn              d - +2 ring of intelligence
MPRegen  0.09/turn              h - ring of protection from magic

@: lethally poisoned (-1 -> -6), quick
A: very small, no armour, no weapons or thrown items, stealth, claws 1, fangs 3,
see invisible, carnivore, speed 1, shaggy fur 1, slow metabolism 1, sharp paws
a: Berserk, Trog's Hand, Burn Spellbooks, Renounce Religion


You were on level 2 of the Dungeon.
You worshipped Trog.
Trog was pleased with you.
You were completely stuffed.

You visited 1 branch of the dungeon, and saw 2 of its levels.

You collected 58 gold pieces.

Inventory:

Jewellery
 d - a +2 ring of intelligence (left paw)
 h - a ring of protection from magic (right paw)
Scrolls
 c - a scroll of immolation {unknown}
 e - 2 scrolls of teleportation {unknown}
 i - a scroll of fog {unknown}
Potions
 b - a potion of curing {unknown}
 g - a potion of heal wounds {unknown}
 j - a potion of magic {unknown}
Comestibles
 a - 2 rations
 f - 6 chunks of flesh


   Skills:
 + Level 3.1 Fighting
 * Level 4.6 Dodging
 * Level 1.3 Stealth
 + Level 3.6 Unarmed Combat


You had 2 spell levels left.
You didn't know any spells.

Dungeon Overview and Level Annotations

Branches:
Dungeon (2/15)

Altars:
Dithmenos


Innate Abilities, Weirdness & Mutations

You cannot wear armour.
You are incapable of wielding weapons or throwing items.
Your paws allow you to move quietly. (Stealth)
You have sharp claws.
You have razor-sharp teeth.
You have supernaturally acute eyesight. (SInv)
You are carnivorous and can eat meat at any time.
You cover ground quickly.
You are covered in fur. (AC +1)
You have a slow metabolism.
Your sharp claws are effective at attacking unaware monsters.


Message History

You are too injured to fight recklessly!
You are too injured to fight recklessly!
You are too injured to fight recklessly!
You scratch the adder but do no damage. The adder closely misses you.
The adder bites you.
* * * LOW HITPOINT WARNING * * *
You are lethally poisoned!
The adder poisons you!
You closely miss the adder. You bite the adder.
The adder is heavily wounded.
* * * LOW HITPOINT WARNING * * *
You feel sick. The adder completely misses you. The adder misses you.
Found 6 poisoned needles.
* * * LOW HITPOINT WARNING * * *
You feel sick.
Found a shadowy altar of Dithmenos.
* * * LOW HITPOINT WARNING * * *
You feel sick. The adder bites you.
You die...

.....................
..>..$............... ..
...................# ...
...................##...
......<.................
(.รท.....................
.......###.....(........
......##.......S........
.....##..##....S@.......
.....#....##..#.........
.....#..._.#............
.....#....##............
..##.##..##...#.........
.. +..##.....##.........
.. ...###..# #.........
... #######...


You could see 2 adders.

Vanquished Creatures
  2 oozes (D:1)
  3 bats (D:1)
  A giant cockroach (D:1)
  2 goblins (D:1)
  2 hobgoblins (D:1)
  4 kobolds (D:1)
  4 ball pythons
  A frilled lizard (D:2)
  5 rats (D:1)
24 creatures vanquished.

Notes
Turn   | Place    | Note
-------+----------+-------------------------------------------
     0 | D:1      | Greboboi the Felid Berserker began the quest for the Orb.
     0 | D:1      | Reached XP level 1. HP: 10/10 MP: 2/2
     6 | D:1      | Noticed a swamp drake
     6 | D:1      | Noticed an iguana
     6 | D:1      | Noticed a wolf
     7 | D:1      | Noticed a lindwurm
     7 | D:1      | Noticed an anaconda
   427 | D:1      | Reached XP level 2. HP: 14/14 MP: 3/3
   706 | D:1      | Reached skill level 1 in Stealth
   706 | D:1      | Reached XP level 3. HP: 17/17 MP: 4/4
   872 | D:1      | Reached ** piety under Trog
  1000 | D:2      | Found a shadowy altar of Dithmenos.
  1006 | D:2      | Slain by an adder

Skill      XL: |  1  2 |
---------------+-------+-----
Stealth        | 1 |  1.3
Fighting       | |  3.1
Dodging        | |  4.6
Unarmed Combat | |  3.6

Action                   || total
-------------------------++-------
Melee: Unarmed           ||    75
       Bite              ||     5
       Punch             ||     1
  Use: Scroll            ||     1
 Stab: Sleeping          ||     4
  Eat: Chunk             ||     7
Armor: Skin              ||     5
Dodge: Dodged            ||    84
